 Dungeon Crawl Stone Soup version 0.19.0 (webtiles) character file.

9433 PhynixH2O the Cleaver (level 11, -12/92 HPs)
             Began as a Formicid Fighter on Nov 1, 2016.
             Was a Priest of the Shining One.
             Mangled by a catoblepas (13 damage)
             ... on level 10 of the Dungeon.
             The game lasted 00:42:59 (8962 turns).

PhynixH2O the Cleaver (Formicid Fighter)            Turns: 8962, Time: 00:42:59

Health: -12/92     AC: 10    Str: 22    XL:     11   Next: 74%
Magic:  11/11      EV:  2    Int:  8    God:    the Shining One [***...]
Gold:   795        SH:  0    Dex: 12    Spells: 0 memorised, 10 levels left

rFire  . . .     SeeInvis +     a - +0 war axe
rCold  . . .     Gourm    .     S - +0 troll leather armour
rNeg   + + +     Faith    .     c - +0 shield
rPois  ∞         Spirit   .     (helmet unavailable)
rElec  .         Reflect  .     L - +2 cloak
rCorr  .         Harm     .     (no gloves)
MR     +....                    w - +1 pair of boots
Stlth  +.........               (no amulet)
                                Q - +5 ring of evasion
                                t - ring of poison resistance

@: divine shield, petrified, glowing
A: permanent stasis, dig shafts and tunnels, four strong arms, antennae 3
a: Dig, Shaft Self, Divine Shield, Renounce Religion


You were on level 10 of the Dungeon.
You worshipped the Shining One.
The Shining One was most pleased with you.
You were not hungry.

You visited 2 branches of the dungeon, and saw 11 of its levels.
You also visited: Ossuary.

You collected 795 gold pieces.

Inventory:

Hand Weapons
 a - a +0 war axe (weapon)
 v - a +1 glaive of protection
Armour
 b - a +0 scale mail
 c - a +0 shield (worn)
 w - a +1 pair of boots (worn)
 A - a +3 plate armour
 L - a +2 cloak (worn)
 S - a +0 troll leather armour (worn)
Jewellery
 t - a ring of poison resistance (left hand)
 Q - a +5 ring of evasion (right hand)
Wands
 x - a wand of lightning (15/15)
 O - a wand of digging (8/24)
Scrolls
 h - 11 scrolls of identify
 k - 6 scrolls of recharging
 o - 5 scrolls of remove curse
 q - 2 scrolls of fog {unknown}
 s - a scroll of enchant armour {unknown}
 y - 3 scrolls of teleportation {unknown}
 B - 2 scrolls of amnesia {unknown}
 D - a scroll of fear {unknown}
 G - 2 scrolls of holy word {unknown}
 J - a scroll of noise {unknown}
 K - 4 scrolls of blinking {unknown}
 M - a scroll of magic mapping {unknown}
 N - a scroll of acquirement {unknown}
 P - a scroll of random uselessness {unknown}
Potions
 d - 3 potions of might
 e - 2 potions of agility {unknown}
 i - 2 potions of ambrosia {unknown}
 j - 3 potions of flight {unknown}
 l - a potion of mutation {unknown}
 n - a potion of resistance {unknown}
 p - 3 potions of heal wounds
 u - 7 potions of curing {unknown}
 C - a potion of cure mutation {unknown}
 F - 3 potions of brilliance {unknown}
 H - a potion of magic {unknown}
 I - 2 potions of degeneration {unknown}
Comestibles
 f - 7 bread rations
 g - 6 meat rations
 m - a royal jelly
 z - a slice of pizza
 E - a beef jerky
 R - 6 chunks of flesh


   Skills:
 + Level 10.6 Fighting
 + Level 11.8 Axes
 + Level 7.0 Armour
 - Level 9.6 Shields


You had 10 spell levels left.
You didn't know any spells.

Dungeon Overview and Level Annotations

Branches:
Dungeon (10/15)            Temple (1/1) D:4            Lair (0/6) D:10
    Orc (0/2) D:9

Altars:
Ashenzari
Cheibriados
Dithmenos
Elyvilon
Fedhas
Gozag
Hepliaklqana
Kikubaaqudgha
Makhleb
Nemelex Xobeh
Okawaru
Qazlal
Ru
Sif Muna
Trog
Uskayaw
Vehumet
Xom
Yredelemnul
Zin
The Shining One

Shops:
D:6 :

Annotations:
D:3 1 runed door


Innate Abilities, Weirdness & Mutations

You are under a permanent stasis effect.
You can dig through walls and to a lower floor.
Your four strong arms can wield two-handed weapons with a shield.
You have a pair of large antennae on your head. (SInv)


Message History

* * * LOW HITPOINT WARNING * * *
There is an open door here.
You hit the catoblepas.
The catoblepas is severely wounded.
You slash the catoblepas!
The catoblepas is almost dead.
The catoblepas breathes a plume of calcifying dust at you.
The blast of calcifying dust hits you!
You are engulfed in calcifying dust.
You are slowing down.
The catoblepas breathes a plume of calcifying dust at you.
The blast of calcifying dust hits you!
* * * LOW HITPOINT WARNING * * *
The catoblepas breathes a plume of calcifying dust at you.
The blast of calcifying dust hits you!
Your limbs are stiffening.
You have turned to stone.
The catoblepas gores you!!
* * * LOW HITPOINT WARNING * * *
The catoblepas gores you!!
You die...

#....# #....#
+....#### #....###
#....'..### #....'.#
#....##...####....#.#
#....####.[.##....#.##
###'## ###..'....#...
#.### ####....####
#§Y.# ##'### # ###@#
#).# #.# ####'#####
#'#######........#
#.#...#.'........#
#.#.#.#.#.......)#
#...#.#>#........#
#####.'.#........(
#.###........# #.#
#..).....#


You could see a catoblepas.

Vanquished Creatures
  Gastronok (D:8)
  Pikel (D:8)
  Maurice (D:8)
  Joseph (D:9)
  A troll (D:9)
  A two-headed ogre (D:10)
  2 hippogriffs
  Eustachio (D:6)
  6 yaks (D:9)
  Grum (D:9)
  5 orc warriors
  An ice beast (D:8)
  An eye of draining (D:8)
  A phantom (D:6)
  6 ogres
  3 wolves (D:9)
  3 centaurs
  6 bullfrogs
  6 big kobolds (D:9)
  2 gnoll sergeants (D:9)
  A wyvern skeleton (D:4)
  3 scorpions
  5 killer bees (D:9)
  2 howler monkeys (D:4)
  A crimson imp (D:8)
  6 centaur zombies
  3 bullfrog zombies (Ossuary)
  A hound (D:6)
  3 orc priests
  A centaur skeleton (D:9)
  3 jellies
  8 orc wizards
  A bullfrog skeleton (D:6)
  11 mummies (Ossuary)
  An iguana (D:7)
  9 worker ants
  A killer bee zombie (Ossuary)
  2 hound zombies (Ossuary)
  3 hound skeletons
  A worker ant zombie (Ossuary)
  11 gnolls
  11 adders
  2 shadow imps
  4 oozes
  6 adder zombies
  2 worms
  2 dart slugs
  3 leopard geckos
  29 orcs
  6 bats
  2 giant cockroaches
  5 goblins
  4 hobgoblins
  11 jackals
  3 kobolds (D:1)
  5 quokkas
  2 ball pythons
  4 frilled lizards
  A giant cockroach zombie (Ossuary)
  A leopard gecko skeleton (D:7)
  2 leopard gecko zombies
  A quokka zombie (Ossuary)
  4 rats
237 creatures vanquished.

Vanquished Creatures (others)
  A withered plant (Ossuary)
1 creature vanquished.

Grand Total: 238 creatures vanquished

Notes
Turn   | Place    | Note
-------+----------+-------------------------------------------
     0 | D:1      | PhynixH2O the Formicid Fighter began the quest for the Orb.
     0 | D:1      | Reached XP level 1. HP: 18/18 MP: 1/1
    47 | D:1      | Reached XP level 2. HP: 24/24 MP: 2/2
   364 | D:1      | Reached XP level 3. HP: 29/29 MP: 3/3
   588 | D:1      | Reached skill level 3 in Axes
  1563 | D:3      | Reached XP level 4. HP: 29/35 MP: 4/4
  1783 | D:3      | Found a white marble altar of Elyvilon.
  1783 | D:3      | Found a runed door.
  1783 | D:3      | Noticed an angel
  2032 | D:4      | Reached XP level 5. HP: 42/42 MP: 5/5
  2082 | D:4      | Reached skill level 4 in Axes
  2139 | D:4      | Reached skill level 5 in Shields
  2139 | D:4      | Reached XP level 6. HP: 43/49 MP: 6/6
  2319 | D:4      | Reached skill level 5 in Axes
  2646 | D:4      | Found a staircase to the Ecumenical Temple.
  2677 | Temple   | Entered the Ecumenical Temple
  2732 | Temple   | Became a worshipper of the Shining One
  2963 | D:4      | Reached XP level 7. HP: 46/55 MP: 7/7
  3002 | D:5      | Entered Level 5 of the Dungeon
  3786 | D:5      | Reached skill level 5 in Fighting
  3836 | D:6      | Reached skill level 6 in Axes
  3886 | D:6      | Found a sand-covered staircase.
  3891 | Ossuary  | Entered an ossuary
  3916 | Ossuary  | Reached * piety under the Shining One
  3919 | Ossuary  | Reached XP level 8. HP: 55/62 MP: 8/8
  4018 | Ossuary  | Reached ** piety under the Shining One
  4030 | Ossuary  | Reached skill level 7 in Axes
  4315 | D:6      | Found a glowing silver altar of Zin.
  4316 | D:6      | Reached *** piety under the Shining One
  4372 | D:6      | Found Ahuzom's Book Shoppe.
  4530 | D:6      | Reached XP level 9. HP: 25/69 MP: 5/9
  4561 | D:6      | Reached skill level 8 in Axes
  4681 | D:6      | Noticed a hippogriff
  4872 | D:6      | Killed a hippogriff
  5173 | D:6      | Noticed Eustachio
  5213 | D:6      | Killed Eustachio
  5213 | D:6      | Reached skill level 9 in Axes
  5792 | D:7      | Noticed a hippogriff
  5802 | D:7      | Killed a hippogriff
  6523 | D:8      | Reached XP level 10. HP: 72/79 MP: 10/10
  6685 | D:8      | Noticed Maurice
  6706 | D:8      | Killed Maurice
  6759 | D:8      | Reached skill level 10 in Axes
  6930 | D:8      | Noticed Pikel
  6951 | D:8      | Killed Pikel
  7115 | D:8      | Noticed Gastronok
  7139 | D:8      | Killed Gastronok
  7139 | D:8      | Reached XP level 11. HP: 46/89 MP: 9/11
  7341 | D:9      | Reached skill level 11 in Axes
  7423 | D:9      | Noticed Joseph
  7434 | D:9      | Killed Joseph
  7434 | D:9      | Reached skill level 5 in Armour
  7576 | D:9      | Reached skill level 10 in Fighting
  7839 | D:9      | Noticed Grum
  7851 | D:9      | Killed Grum
  8158 | D:9      | Found a staircase to the Orcish Mines.
  8247 | D:10     | Entered Level 10 of the Dungeon
  8778 | D:10     | Found a staircase to the Lair.
  8871 | D:10     | Noticed a catoblepas
  8961 | D:10     | HP: 1/92 [catoblepas (13)]
  8962 | D:10     | Mangled by a catoblepas

Skill      XL: |  1  2  3  4  5  6  7  8  9 10 11 |
---------------+----------------------------------+-----
Shields        | 4 5 6 7 8 9 |  9.6
Axes           | 3 4 5 6 7 9 10 11 | 11.8
Fighting       | 4 5 6 7 9 10 | 10.6
Armour         | 4 7 |  7.0

Action                   |  1- 3 |  4- 6 |  7- 9 | 10-12 || total
-------------------------+-------+-------+-------+-------++-------
Melee: War axe           |   100 |   147 |   357 |   368 ||   972
Invok: Divine Shield     |       |       |     4 |     9 ||    13
  Use: Scroll            |       |       |     5 |     3 ||     8
  Eat: Chunk             |     2 |     5 |    12 |     9 ||    28
Armor: Scale mail        |    45 |    55 |   100 |    53 ||   253
       Troll leather arm |       |       |       |     7 ||     7
Dodge: Dodged            |    38 |    45 |    90 |    93 ||   266
Block: Shield            |    63 |    78 |   173 |   192 ||   506
